Map: Arctic Dream LE

Players

Smizk - Winner!

  • Race: Terran Terran
  • League: Diamond
  • Spawn Location: 5:00

dreh - Winner!

  • Race: Terran Terran
  • League: Gold
  • Spawn Location: 6:00

Duffman

  • Race: Terran Terran
  • Spawn Location: 12:00

Ivadios

  • Race: Protoss Protoss
  • League: Bronze
  • Spawn Location: 11:00

VOD

Have the link to the VOD?

Description

Time

  • Played on: June 4, 2020, 2:18 p.m.
  • Length: 12:35
Show
View Real Time Build Order
Export as new Build Order

Smizk Terran - Winner!

Build Orders:  

Get SALT Encoding   

  12  0:09  Supply Depot  
  13  0:14  SCV  
  13  0:32  Barracks  
  14  0:39  SCV, Refinery  
  14  0:52  SCV  
  15  1:04  SCV  
  16  1:18  Orbital Command  
  16  1:21  Barracks Reactor  
  16  1:46  Command Center  
  16  1:58  Marine x2  
  18  2:03  Factory  
  18  2:12  Supply Depot  
  18  2:16  Refinery  
  18  2:18  Marine  
  18  2:22  Marine  
  20  2:33  SCV  
  20  2:36  Marine  
  22  2:49  Factory Reactor  
  22  2:50  Marine  
  22  2:51  Starport  
  23  2:56  Marine  
  24  3:08  Marine  
  25  3:13  Marine  
  26  3:26  Marine  
  27  3:31  Marine  
  27  3:34  Medivac  
  30  3:36  Medivac  
  32  3:43  SCV  
  32  3:44  Marine  
  34  3:49  Marine  
  35  3:56  SCV  
  35  4:02  Marine  
  37  4:07  Marine  
  38  4:15  SCV  
  39  4:17  Orbital Command  
  39  4:19  Marine, Factory Tech Lab  
  40  4:25  Marine  
  40  4:30  SCV  
  42  4:39  Supply Depot  
  42  4:42  SCV  
  43  4:54  SCV  
  44  5:09  Siege Tank  
  44  5:10  SCV x2  
  49  5:22  SCV  
  49  5:26  Bunker  
  46  5:44  Marine x2  
  46  5:45  Siege Tank  
  46  5:47  Liberator  
  54  6:05  SCV  
  54  6:09  SCV  
  52  6:33  Liberator  
  48  6:42  Marine x2  
  48  6:43  Siege Tank  
  50  6:48  SCV x2  
  52  7:00  SCV x2  
  54  7:20  Supply Depot  
  54  7:22  Command Center  
  54  7:27  Supply Depot  
  54  7:30  Engineering Bay, Command Center  
  54  7:41  SCV x2, Marine x2, Siege Tank  
  58  7:54  SCV x2  
  60  7:59  Medivac x2, Marine  
  60  8:00  Marine  
  60  8:04  Barracks x2  
  65  8:06  SCV x2  
  67  8:16  Terran Infantry Weapons Level 1  
  67  8:17  Marine  
  67  8:18  SCV  
  69  8:33  Siege Tank  
  72  8:39  SCV x2  
  75  8:43  Orbital Command  
  75  8:48  Planetary Fortress  
  74  8:52  SCV x2  
  74  8:54  Refinery  
  74  8:55  Refinery, Marine  
  77  8:56  Barracks Tech Lab  
  77  8:57  Barracks Tech Lab  
  77  9:01  Armory  
  74  9:03  Engineering Bay  
  74  9:04  SCV x2  
  74  9:06  Missile Turret  
  76  9:16  SCV x2  
  78  9:20  SCV, Marine x2  
  78  9:23  Combat Shield  
  78  9:24  Stimpack  
  81  9:28  SCV x2, Medivac  
  81  9:29  Medivac  
  81  9:30  Marine x2  
  89  9:32  SCV  
  89  9:36  SCV  
  89  9:38  Refinery, Marine x2  
  92  9:40  SCV x2, Terran Infantry Armor Level 1  
  92  9:44  SCV  
  96  9:48  Marauder x2  
  100  10:15  SCV x2, Marine x2  
  100  10:16  Marauder x2  
  83  10:27  Siege Tank  
  76  10:29  Medivac  
  76  10:33  Marine x2  
  80  10:36  SCV x2  
  80  10:37  SCV x2, Marine x2  
  80  10:40  Refinery  
  86  10:47  Concussive Shells  
  86  10:48  SCV  
  87  10:50  Marine x2  
  87  10:53  Barracks  
  87  10:55  Marauder  
  87  10:56  Marauder  
  93  10:57  Barracks  
  93  11:00  Siege Tank  
  93  11:01  Supply Depot  
  93  11:02  Supply Depot  
  96  11:04  SCV  
  96  11:05  SCV x3, Command Center  
  96  11:08  Supply Depot  
  100  11:12  Marine x2  
  100  11:16  Marauder  
  100  11:17  SCV x2, Marauder  
  108  11:30  Marine x2  
  110  11:38  Marauder x2  
  114  11:44  Barracks Reactor  
  114  11:45  Barracks Reactor  
  114  11:48  Marine x2  
  116  12:05  Medivac  
  116  12:07  Marauder x2  
Show
View Real Time Build Order
Export as new Build Order

dreh Terran - Winner!

Build Orders: 1/1/1 

Get SALT Encoding   

  12  0:00  SCV  
  13  0:12  SCV  
  14  0:18  Supply Depot  
  14  0:25  SCV  
  15  0:28  Refinery  
  15  0:40  SCV  
  16  0:44  Barracks  
  16  0:52  SCV  
  16  0:57  Refinery  
  17  1:04  SCV  
  18  1:12  Supply Depot  
  18  1:16  SCV  
  19  1:35  Factory  
  19  1:43  Barracks Reactor  
  19  1:44  Orbital Command  
  19  2:03  Supply Depot  
  19  2:12  SCV  
  20  2:19  Starport  
  20  2:27  SCV  
  21  2:30  Barracks Tech Lab  
  21  2:33  Hellion x2  
  25  2:39  SCV  
  26  2:51  SCV, Marine  
  26  2:56  Medivac  
  26  2:57  Hellion  
  26  2:58  Hellion  
  34  3:04  SCV  
  35  3:08  Supply Depot  
  35  3:26  Armory  
  35  3:29  SCV  
  35  3:30  Medivac  
  35  3:31  Supply Depot, Marine x2  
  40  3:34  Infernal Pre-Igniter  
  40  3:42  Hellion  
  42  3:49  Marine x2  
  44  3:59  SCV  
  45  4:17  Siege Tank  
  45  4:18  Medivac  
  45  4:19  Marine x2  
  52  4:28  Command Center  
  52  4:38  Marine  
  53  4:41  Marine  
  54  5:06  Marine  
  55  5:14  Supply Depot  
  55  5:16  Supply Depot  
  55  5:24  Marine  
  55  5:25  Medivac  
  55  5:26  Siege Tank  
  46  5:36  Marine  
  46  5:41  Marine  
  48  5:46  Orbital Command  
  48  5:58  Siege Tank  
  48  6:01  Marine x2  
  53  6:04  Liberator  
  53  6:06  SCV  
  53  6:10  Command Center  
  57  6:29  Marine x2  
  57  6:31  Siege Tank  
  62  6:36  Orbital Command  
  62  6:47  Medivac  
  64  6:55  Barracks  
  64  6:56  SCV  
  64  6:57  Barracks  
  64  7:00  Barracks  
  65  7:05  Marine x2  
  65  7:08  SCV  
  68  7:10  Siege Tank  
  68  7:15  SCV  
  72  7:20  SCV  
  73  7:23  Orbital Command  
  73  7:27  SCV  
  73  7:29  Marine x2  
  76  7:32  SCV  
  77  7:45  Supply Depot, Medivac  
  77  7:46  Supply Depot  
  77  7:47  Siege Tank  
  77  7:48  Marine  
  76  8:49  SCV x3  
  76  8:54  Starport Reactor  
  76  8:55  Marine x2, Siege Tank  
  82  8:57  Barracks Tech Lab x2  
  82  9:01  SCV x2  
  86  9:05  Engineering Bay  
  86  9:06  Engineering Bay  
  86  9:08  Barracks Reactor  
  86  9:19  Combat Shield  
  86  9:20  Stimpack  
  86  9:24  Marine x2  
  86  9:25  Marine x2  
  86  9:27  SCV  
  86  9:29  Refinery  
  91  9:31  Refinery  
  91  9:33  SCV  
  91  9:34  SCV  
  93  9:39  SCV  
  93  9:42  Marine x3  
  93  9:43  Marine  
  98  9:45  SCV  
  98  9:46  SCV  
  98  9:47  Command Center  
  98  9:51  SCV  
  100  9:53  Terran Infantry Weapons Level 1, Missile Turret  
  100  9:55  Terran Infantry Armor Level 1  
  100  10:15  Missile Turret  
  97  10:44  Missile Turret  
  97  10:51  Marine x5  
  97  10:52  Marine  
  97  10:54  Medivac x2  
  97  10:55  Siege Tank  
  110  11:09  Marine x4  
  114  11:16  Missile Turret  
  86  12:30  Refinery  
  86  12:32  Refinery  
Show
View Real Time Build Order
Export as new Build Order

Duffman Terran 

Build Orders:  

Get SALT Encoding   

  12  0:01  SCV  
  13  0:13  SCV  
  14  0:23  Supply Depot  
  14  0:26  SCV  
  15  0:33  Refinery  
  15  0:45  SCV  
  15  0:47  Barracks  
  16  0:57  SCV  
  17  1:12  SCV  
  18  1:25  Supply Depot  
  18  1:27  SCV  
  19  1:40  Reaper  
  19  1:42  Orbital Command  
  20  1:54  Factory  
  20  2:00  Refinery  
  20  2:10  SCV  
  21  2:25  SCV  
  22  2:33  Command Center  
  22  2:37  Barracks  
  22  2:38  Barracks Tech Lab, Factory Tech Lab  
  22  2:47  SCV  
  22  2:57  Siege Tank  
  25  3:00  Marine  
  25  3:02  Stimpack  
  25  3:04  SCV  
  27  3:16  SCV  
  28  3:27  Barracks Reactor  
  28  3:32  Marine  
  29  3:37  SCV  
  30  3:53  SCV  
  31  4:05  Marine x2  
  31  4:06  Marauder  
  31  4:07  Starport  
  35  4:11  Siege Tank  
  35  4:13  Engineering Bay x2  
  35  4:16  Orbital Command  
  38  4:18  SCV  
  39  4:28  Marine x2  
  39  4:29  Marauder  
  39  4:30  SCV  
  44  4:35  Supply Depot x2  
  44  4:41  Terran Infantry Armor Level 1  
  44  4:43  Terran Infantry Weapons Level 1  
  44  4:45  Marine  
  44  4:46  Marine  
  46  4:56  Combat Shield  
  46  5:06  Marine  
  47  5:07  Marine x2  
  42  5:36  Marine x2  
  42  5:37  Marine  
  42  5:38  Siege Tank  
  42  5:41  Medivac  
  50  5:49  SCV x2  
  52  5:55  Marine x2  
  52  5:56  Marauder  
  56  6:46  Medivac  
  58  6:47  Marine x2  
  58  6:48  Marauder  
  62  6:59  Orbital Command  
  62  7:01  Supply Depot x2  
  62  7:23  Medivac, Marauder, Marine x2, Siege Tank  
  71  7:31  SCV x2  
  73  7:39  Supply Depot  
  73  7:40  Supply Depot  
  73  7:43  Supply Depot  
  69  7:54  Missile Turret  
  69  7:55  Missile Turret  
  69  7:56  Marine x2  
  69  7:57  Marauder  
  69  7:58  Medivac, Siege Tank  
  78  8:03  Concussive Shells  
  78  8:14  Marine x2  
  78  8:18  Marine  
  81  8:21  Barracks  
  81  8:22  Barracks  
  81  8:28  Medivac  
  81  8:32  Marine x2  
  74  9:13  Marine x2  
  74  9:14  Marauder  
  78  9:25  Siege Tank  
  78  9:26  Medivac  
  83  9:31  Marine x2  
  83  9:36  Marauder  
  52  10:36  Marine  
  52  10:37  Marine  
  52  10:38  Marine  
  55  10:43  Barracks Reactor x2  
  55  10:52  Starport Reactor  
  55  10:53  Siege Tank  
  55  10:54  Marine x2  
  55  10:56  Marauder  
  62  10:59  Command Center  
  62  11:01  Command Center  
  62  11:12  Marine x2  
  62  11:17  Marine  
  65  11:19  Armory, Marine x4  
  69  11:30  Marine x2  
  71  11:35  Marine  
  71  11:37  Marine  
  73  11:46  Marine x3  
  76  11:48  Marine  
  76  11:53  Marauder  
Show
View Real Time Build Order
Export as new Build Order

Ivadios Protoss 

Build Orders:  

Get SALT Encoding   

  12  0:05  Probe  
  13  0:17  Probe (Chrono Boost)  
  14  0:27  Probe (Chrono Boost)  
  15  0:31  Assimilator  
  15  1:11  Pylon  
  15  1:30  Probe (Chrono Boost)  
  16  1:33  Gateway  
  16  1:37  Probe (Chrono Boost)  
  17  1:42  Forge  
  17  1:45  Probe  
  18  1:57  Probe  
  19  2:05  Pylon  
  19  2:08  Pylon  
  19  2:09  Probe  
  19  2:10  Assimilator  
  20  2:21  Probe  
  20  2:22  Protoss Shields Level 1  
  21  2:27  Zealot  
  23  2:33  Probe  
  24  2:40  Pylon  
  24  2:49  Pylon  
  24  2:54  Zealot  
  26  3:16  Nexus  
  26  3:19  Assimilator  
  26  3:21  Zealot  
  26  3:23  Assimilator  
  26  3:26  Pylon  
  28  3:31  Photon Cannon  
  28  3:39  Photon Cannon  
  28  4:03  Pylon  
  28  4:14  Pylon  
  28  4:16  Cybernetics Core  
  28  4:17  Cybernetics Core  
  28  4:32  Photon Cannon  
  28  4:44  Photon Cannon  
  2  5:27  Probe (Chrono Boost)  
  3  5:39  Probe (Chrono Boost)  
  4  5:45  Probe (Chrono Boost)  
  4  5:49  Warp Gate  
  5  5:53  Probe  
  6  6:05  Probe  
  5  6:18  Probe  
  5  6:30  Probe  
  6  6:33  Nexus  
  6  6:42  Probe  
  7  7:18  Probe (Chrono Boost)  
  8  7:23  Protoss Air Armor Level 1  
  8  7:24  Probe (Chrono Boost)  
  9  7:33  Probe (Chrono Boost)  
  10  7:43  Probe (Chrono Boost)  
  11  8:07  Probe  
  11  8:08  Probe  
  13  8:19  Probe  
  14  8:20  Probe  
  15  8:31  Probe  
  15  8:32  Probe  
  17  8:36  Stargate  
  17  8:44  Probe (Chrono Boost)  
  18  8:55  Probe (Chrono Boost)  
  19  9:00  Probe (Chrono Boost)  
  20  9:10  Probe (Chrono Boost)  
  21  9:20  Probe (Chrono Boost)  
  22  9:25  Probe (Chrono Boost)  
  22  9:29  Void Ray  
  27  9:36  Probe  
  28  10:02  Probe  
  29  10:11  Phoenix  
  31  10:14  Probe  
  32  10:32  Probe x2  
  34  10:36  Phoenix  
  36  10:44  Probe x2  
  38  10:56  Probe  
  25  12:05  Nexus  
Tags
 
Add a new tag
Caveats
  • Supply blocks, unpowered buildings, or Contaminate may cause inaccurate times.
  • Supply counts are checked every 10 seconds.